Map: Pillars of Gold LE

Players

derrick

  • Race: Zerg Zerg
  • League: Master
  • Spawn Location: 7:00

MarcoMan - Winner!

  • Race: Protoss Protoss
  • League: Master
  • Spawn Location: 1:00

VOD

Have the link to the VOD?

Description

Time

  • Played on: Jan. 16, 2021, midnight
  • Length: 12:54
Show
View Real Time Build Order
Export as new Build Order

derrick Zerg 

Build Orders: Hatch First 

Get SALT Encoding   

  12  0:00  Drone  
  13  0:12  Overlord  
  13  0:18  Drone  
  14  0:30  Drone  
  14  0:31  Drone  
  16  0:51  Hatchery  
  16  0:54  Drone  
  16  1:00  Drone  
  16  1:02  Drone  
  18  1:14  Extractor  
  18  1:17  Spawning Pool  
  16  1:19  Drone  
  16  1:24  Drone  
  18  1:28  Drone  
  19  1:39  Drone  
  20  1:51  Hatchery  
  19  1:57  Drone  
  20  2:04  Drone  
  20  2:05  Drone  
  22  2:09  Queen  
  22  2:14  Drone  
  25  2:20  Queen  
  27  2:26  Overlord  
  28  2:30  Zergling x2  
  28  2:44  Drone x3  
  28  2:45  Drone  
  28  2:46  Queen  
  34  2:52  Metabolic Boost  
  34  2:55  Overlord  
  34  2:59  Drone  
  34  3:00  Drone  
  34  3:04  Drone  
  37  3:09  Queen  
  37  3:12  Zergling x2  
  40  3:16  Zergling x2  
  40  3:19  Drone x2  
  43  3:26  Zergling x2  
  44  3:30  Drone  
  44  3:31  Drone  
  44  3:32  Drone x3  
  49  3:35  Drone  
  49  3:39  Overlord  
  50  3:44  Overlord x2  
  50  3:58  Baneling Nest  
  50  4:00  Spore Crawler  
  48  4:03  Spore Crawler  
  48  4:05  Spore Crawler  
  48  4:06  Drone x6  
  48  4:08  Drone  
  53  4:18  Drone x2  
  53  4:19  Drone x4  
  53  4:21  Overlord  
  59  4:25  Zergling x2  
  59  4:26  Zergling x4  
  59  4:29  Drone x2  
  64  4:34  Overlord  
  64  4:37  Extractor  
  64  4:38  Lair  
  63  4:39  Drone  
  63  4:41  Drone x2  
  63  4:45  Drone x2  
  68  4:54  Drone  
  68  4:55  Drone x4  
  73  5:07  Queen  
  73  5:08  Hatchery, Drone  
  73  5:10  Extractor  
  73  5:12  Extractor  
  73  5:13  Extractor x2  
  70  5:16  Drone x4  
  70  5:17  Drone x3  
  76  5:26  Drone x6  
  81  5:34  Evolution Chamber  
  80  5:36  Evolution Chamber  
  80  5:42  Overlord x2  
  78  5:51  Hydralisk Den  
  78  5:53  Overlord  
  77  5:57  Hatchery  
  77  5:58  Overlord x2  
  76  6:05  Drone x8  
  84  6:17  Drone  
  84  6:18  Drone x7  
  92  6:26  Evolution Chamber  
  92  6:28  Zerg Ground Armor Level 1, Zerg Melee Weapons Level 1  
  91  6:36  Overlord, Queen x2  
  91  6:37  Overlord  
  91  6:38  Hydralisk x3  
  101  6:42  Muscular Augments  
  101  6:50  Queen  
  103  7:01  Zergling x2, Hydralisk  
  103  7:02  Hydralisk x4  
  103  7:03  Zergling x2  
  103  7:04  Zergling x2  
  103  7:08  Zerg Missile Weapons Level 1  
  116  7:11  Hatchery  
  116  7:15  Hydralisk x4  
  115  7:16  Hydralisk  
  125  7:24  Spore Crawler  
  125  7:25  Hydralisk  
  125  7:26  Hydralisk x3  
  132  7:37  Hydralisk  
  132  7:38  Hydralisk  
  132  7:40  Overlord  
  132  7:42  Overlord  
  132  7:43  Overlord  
  136  7:52  Overlord x3, Extractor  
  136  7:54  Grooved Spines  
  136  7:57  Extractor  
  134  8:09  Zergling x22  
  145  8:16  Hydralisk  
  145  8:17  Hydralisk x7  
  162  8:22  Zergling x2  
  162  8:24  Queen x2  
  162  8:25  Hydralisk x2  
  162  8:26  Hydralisk  
  171  8:27  Overlord  
  171  8:30  Baneling x7  
  171  8:37  Hydralisk x3  
  171  8:39  Zergling x2  
  171  8:40  Zergling x4  
  175  8:41  Hatchery  
  175  8:43  Zergling x6  
  175  8:48  Zergling x4  
  148  8:57  Hydralisk  
  148  8:58  Hydralisk x5  
  148  9:01  Overlord  
  146  9:12  Zergling x10  
  146  9:14  Overseer x2  
  151  9:19  Zergling x2  
  151  9:20  Zergling x6  
  152  9:24  Zergling x4  
  152  9:27  Zergling x2  
  152  9:28  Hatchery  
  152  9:29  Zergling x2  
  140  9:35  Zergling x2  
  141  9:42  Drone x7  
  141  9:45  Baneling x2  
  148  9:46  Hydralisk, Baneling x6  
  148  9:47  Hydralisk x4  
  148  9:52  Hydralisk  
  158  9:53  Hydralisk  
  160  10:00  Zergling x2  
  160  10:01  Zergling x10  
  160  10:05  Zergling x2  
  148  10:09  Zergling x2  
  148  10:10  Zergling x12  
  148  10:13  Zergling x2  
  142  10:14  Zergling x4  
  142  10:18  Hydralisk x2  
  135  10:21  Hydralisk  
  135  10:22  Drone  
  135  10:23  Drone  
  135  10:28  Hydralisk  
  137  10:29  Hydralisk x2  
  137  10:34  Drone x2  
  145  10:47  Hydralisk x7  
  159  10:54  Drone  
  159  10:55  Drone x4  
  164  10:58  Hydralisk  
  164  10:59  Hydralisk x2  
  170  11:14  Hydralisk x3  
  174  11:25  Hydralisk  
  172  11:26  Hydralisk x3  
  180  11:39  Extractor  
  179  11:40  Extractor, Overseer  
  179  11:44  Hydralisk  
  179  11:46  Overlord x2  
  180  11:49  Baneling x13  
  180  11:50  Baneling x16  
  179  12:04  Hydralisk x7  
  179  12:05  Hydralisk  
  190  12:17  Zergling x10  
  185  12:33  Zergling x2  
  185  12:34  Zergling x34  
Show
View Real Time Build Order
Export as new Build Order

MarcoMan Protoss - Winner!

Build Orders: 1 Gate Expand, Oracle Opening, Carriers 

Get SALT Encoding   

  12  0:00  Probe  
  13  0:12  Probe  
  14  0:19  Pylon  
  14  0:25  Probe  
  15  0:37  Probe (Chrono Boost)  
  15  0:40  Gateway  
  16  0:49  Probe (Chrono Boost)  
  17  0:51  Assimilator  
  17  0:56  Probe (Chrono Boost)  
  18  1:06  Probe  
  19  1:18  Probe  
  20  1:30  Nexus  
  20  1:43  Cybernetics Core  
  20  1:46  Probe  
  21  1:52  Assimilator  
  21  1:58  Probe  
  22  2:01  Pylon  
  22  2:10  Probe  
  23  2:17  Adept (Chrono Boost)  
  23  2:21  Warp Gate  
  23  2:22  Probe  
  26  2:34  Probe  
  27  2:37  Adept (Chrono Boost)  
  27  2:43  Probe  
  30  2:47  Probe  
  30  2:50  Stargate  
  31  2:55  Probe  
  32  2:59  Probe  
  32  3:00  Adept  
  35  3:08  Probe  
  35  3:10  Gateway  
  35  3:11  Probe  
  37  3:20  Probe  
  37  3:23  Probe  
  39  3:32  Probe (Chrono Boost)  
  40  3:35  Oracle (Chrono Boost)  
  40  3:37  Probe (Chrono Boost)  
  44  3:44  Probe (Chrono Boost)  
  44  3:45  Pylon  
  46  3:52  Probe (Chrono Boost)  
  46  3:59  Void Ray  
  46  4:00  Pylon  
  46  4:03  Probe x2  
  52  4:11  Nexus  
  52  4:13  Pylon  
  52  4:20  Probe x2  
  54  4:27  Assimilator  
  54  4:31  Assimilator  
  54  4:32  Probe  
  54  4:33  Probe  
  54  4:35  Shield Battery  
  54  4:38  Protoss Air Weapons Level 1  
  56  4:41  Void Ray  
  56  4:43  Forge  
  56  4:45  Probe x2  
  62  4:57  Probe x2  
  64  5:03  Stargate  
  64  5:09  Probe x2  
  66  5:14  Adept  
  66  5:20  Adept  
  70  5:27  Void Ray  
  74  5:37  Twilight Council  
  74  5:39  Probe x3  
  77  5:47  Void Ray  
  77  5:51  Probe x3  
  84  6:00  Assimilator  
  84  6:02  Pylon  
  84  6:03  Probe  
  85  6:04  Assimilator  
  85  6:06  Pylon  
  85  6:13  Photon Cannon  
  85  6:14  Void Ray  
  85  6:15  Pylon  
  85  6:18  Templar Archives  
  85  6:20  Probe x3  
  92  6:26  Void Ray  
  96  6:33  Probe x3  
  99  6:45  Probe x3  
  102  6:47  Photon Cannon  
  102  6:49  Photon Cannon  
  102  6:50  Photon Cannon  
  102  6:55  Photon Cannon  
  102  6:57  Probe x3  
  102  6:58  Pylon, High Templar x2  
  109  7:02  Pylon  
  109  7:08  Photon Cannon  
  109  7:10  Shield Battery  
  109  7:22  Psionic Storm  
  109  7:30  Photon Cannon  
  109  7:32  Photon Cannon  
  109  7:34  Pylon, Photon Cannon  
  109  7:45  High Templar x2  
  113  7:52  Photon Cannon  
  113  7:53  Void Ray  
  113  7:54  Gateway, Photon Cannon  
  113  7:56  Pylon  
  113  8:01  Fleet Beacon  
  117  8:06  Probe x3  
  120  8:18  Probe x3  
  123  8:30  Probe  
  123  8:31  Zealot x2  
  128  8:34  Photon Cannon  
  128  8:35  Shield Battery  
  102  9:00  Carrier x2 (Chrono Boost)  
  106  9:05  Stargate  
  106  9:06  Zealot  
  114  9:15  High Templar  
  114  9:16  High Templar  
  118  9:19  Protoss Air Weapons Level 2 (Chrono Boost)  
  118  9:28  Protoss Shields Level 1  
  113  9:32  Zealot  
  115  9:40  Gateway  
  115  9:42  Pylon  
  115  9:43  Pylon  
  115  9:45  Shield Battery, Photon Cannon  
  115  9:50  Carrier (Chrono Boost)  
  115  9:51  Carrier (Chrono Boost)  
  125  10:19  Carrier (Chrono Boost)  
  124  10:42  Zealot x3  
  128  10:43  Zealot  
  128  10:45  Void Ray (Chrono Boost), Nexus  
  128  10:46  Pylon  
  128  10:48  Pylon  
  132  10:51  Carrier (Chrono Boost)  
  132  10:53  Assimilator  
  132  10:55  Probe  
  132  10:56  Assimilator, Probe x2  
  145  11:00  Pylon  
  145  11:05  High Templar  
  145  11:09  Photon Cannon  
  145  11:10  Zealot  
  149  11:11  Photon Cannon  
  149  11:12  Charge  
  149  11:13  Shield Battery  
  149  11:17  Gateway  
  149  11:21  Gateway x2  
  149  11:25  Photon Cannon  
  149  11:27  Carrier x2 (Chrono Boost)  
  149  11:29  Robotics Facility  
  161  11:42  Void Ray (Chrono Boost)  
  161  11:50  Pylon  
  161  12:20  Photon Cannon  
  161  12:22  Photon Cannon  
  161  12:23  Shield Battery  
  161  12:24  Observer  
  165  12:46  Pylon  
  165  12:47  Pylon  
Tags
 
Add a new tag
Caveats
  • Supply blocks, unpowered buildings, or Contaminate may cause inaccurate times.
  • Supply counts are checked every 10 seconds.